woodfighter, chaotic female elven Rogue ------ ---- |_([.-----..| |..a.a@...^.| |....------^| |.......`.|^| --`....`...|^| |.....[%.`.|<| |.>..|.------- ------.|...| |.........| --.`..|.`.| ---..|...| -------- woodfighter the Rogue Experience level: 7 Strength: 16 Dexterity: 18 Constitution: 12 Intelligence: 11 Wisdom: 14 Charisma: 10 Health: 0(48) Energy: 33(33) Def: 8 Gold: 0 Moves: 3890 Dungeon seed: Lf3MMxnk4CaTNCql Game ID: woodfighter_1511455925 Your Inventory: Weapons N - 9 +0 elven daggers (in quiver) Q - a blessed +1 elven dagger (weapon in hand) Armor e - an uncursed +1 leather armor (being worn) n - a blessed +1 dwarvish cloak (being worn) q - an uncursed +0 pair of jumping boots (being worn) r - an uncursed +1 orcish helm (being worn) z - an uncursed +0 elven shield (being worn) Comestibles k - an uncursed apple P - an uncursed roast turkey drumstick S - 4 uncursed lembas wafers T - an uncursed pancake U - 2 uncursed food rations Scrolls a - 2 uncursed scrolls of earth Rings C - an uncursed ring of warning F - an uncursed ring of conflict O - an uncursed +1 ring of adornment Wands i - a wand of make invisible (0:3) v - a wand of lightning (0:7) W - a wand of sleep (0:6) Tools g - an uncursed blindfold s - an uncursed bag of holding y - an uncursed lock pick L - an uncursed pair of lenses (being worn) Spells and supernatural/magical abilities: Name Level Category Fail Memory W - pray for help -- divine ? -- Y - supernatural jump -- ability ? -- Your skills at the end: Miscellaneous Skills wands [Basic] Weapon Skills dagger [Basic] short sword [Basic] Spellcasting Skills Final Attributes: You were piously aligned. You were sleep resistant. Your writing hand was ok. You had automatic searching. You had infravision. You were very stealthy. You could jump. You are dead (2nd time!). Vanquished creatures: a small mimic a large cat a leather golem a giant beetle a lizard a piranha a snake a soldier ant 4 fire ants an imp a rock mole a gnome lord a kobold mummy a gray ooze an elf zombie a paper golem a puppy an iguana 3 rothes a jitterbug a giant bat an orc zombie 2 dwarf zombies a werejackal 5 killer bees a gas spore 2 hobbits a large kobold a gecko a hobgoblin 2 giant rats 6 cave spiders 2 brown molds 3 yellow molds 2 red molds 10 manes 2 jackals a kobold 5 newts 5 goblins 3 sewer rats 10 grid bugs a bat a lichen 2 kobold zombies 96 creatures vanquished. Voluntary challenges: You were not invisible. You did not have reflection. You were not displaced. You used a wielded weapon 122 times, starting on turn 1. You did not apply a unicorn horn. You did not use plumbed fixtures. You did not drink any magical draughts. You read items or engraved 2 times, starting on turn 2501. You never genocided any monsters. You never polymorphed an object. You never changed form. You used no wishes. You never split a pudding. You never wrote Elbereth's name. You never violated your personal moral code. Dungeon overview: The Dungeons of Doom: levels 1 to 9 Level 1 a long staircase Level 2 a fountain stairs to The Gnomish Mines Level 3 a general store, an altar to Mog Level 4 a fountain Level 5 Level 6 some fountains Level 7 a fountain, a sink Level 8 many fountains Level 9 an altar to Issek stairs to Sokoban The Gnomish Mines: Level 3 stairs to The Dungeons of Doom Sokoban: Level 8 <- You were here an altar to Moloch, a magic chest stairs to The Dungeons of Doom History has recorded: On T:1 you entered the Dungeons of Doom to retrieve the Amulet of Yendor! On T:146 you reached level 2 of The Dungeons of Doom. On T:416 you reached level 1 of The Gnomish Mines. On T:451 you reached level 3 of The Dungeons of Doom. On T:487 you advanced to experience level 2. On T:641 you reached level 4 of The Dungeons of Doom. On T:740 you advanced to experience level 3. On T:1138 you advanced to experience level 4. On T:1644 you reached level 5 of The Dungeons of Doom. On T:2023 you reached level 6 of The Dungeons of Doom. On T:2081 you advanced to experience level 5. On T:2474 you reached level 7 of The Dungeons of Doom. On T:2915 you advanced to experience level 6. On T:3017 you reached level 8 of The Dungeons of Doom. On T:3070 you prayed to Kos. On T:3194 you were saved from death by your amulet of life saving! On T:3563 you reached level 9 of The Dungeons of Doom. On T:3690 you reached level 4 of Sokoban. On T:3730 you opened a magic chest. On T:3846 you advanced to experience level 7. Score breakdown: Gold: 0 ( 0 points) Experience: 7 levels ( 600 points) Exploration: 9 levels ( 240 points) Discoveries: 20 items ( 1000 points) Variety of kills: 45 monsters ( 2000 points) Major goal: (nothing yet) ( 0 points) Survival: died (score multiplied by 3) Total score: 11520 Latest messages: Kitty bites! Kitty misses. You take off your silver ring. You are now wearing a gold ring. The pony picks up 2 +0 elven daggers. You take off your ring of adornment. The pony drops 2 +0 elven daggers. The pony picks up 2 +0 elven daggers. The pony drops 2 +0 elven daggers. You hear some noises. N - 2 +0 elven daggers (in quiver). You see here a leather armor. (2x) The elven dagger hits the soldier ant. The soldier ant bites! The soldier ant misses. You stab the soldier ant. The soldier ant bites! The soldier ant stings! You die... The bag of holding is empty. The bag of holding is empty. Final status: Goodbye woodfighter the Rogue, killed by a soldier ant... You died in Sokoban on dungeon level 8 with 11520 points, and 0 pieces of gold, after 3890 moves. You were level 7 with a maximum of 48 hit points when you died.